 Dungeon Crawl Stone Soup version 0.27-a0-148-g9515ab555c (webtiles) character file.

Game seed: 7501187777667316506

9378 jasper the Carver (level 11, -2/69 HPs)
             Began as a Demonspawn Delver on Jan 26, 2021.
             Was an Elder of Hepliaklqana.
             Slain by an orc warrior
             ... wielding a +0 halberd
              (14 damage)
             ... on level 10 of the Dungeon.
             The game lasted 00:18:58 (13884 turns).

jasper the Carver (Demonspawn Delver)              Turns: 13884, Time: 00:18:59

Health: -2/69      AC: 10    Str: 15    XL:     11   Next: 22%
Magic:  22/22      EV: 13    Int: 15    God:    Hepliaklqana [****..]
Gold:   73         SH: 10    Dex: 18    Spells: 10/10 levels left

rFire    . . .     SeeInvis .   k - +0 scimitar
rCold    . . .     Faith    .   M - +1 kite shield of the Great Game {Int+3 Dex+3 Slay+3}
rNeg     . . .     Spirit   .   v - +0 scale mail
rPois    .         Reflect  .   (helmet restricted)
rElec    .         Harm     .   n - +0 cloak (curse)
rCorr    .         Rampage  .   I - +0 pair of gloves
Will     .....                  (no boots)
Stlth    ++........             (no amulet)
HPRegen  0.21/turn              P - ring of magical power
MPRegen  0.18/turn              (no ring)

@: agile
A: reduced essence, antennae 2, iridescent scales 1, ignite blood 1, powered by
pain 2
a: Renounce Religion, Recall Ancestor, Ancestor Identity, Transference, Idealise


You were on level 10 of the Dungeon.
You worshipped Hepliaklqana.
Hepliaklqana was greatly pleased with you.
You visited 2 branches of the dungeon, and saw 12 of its levels.

You collected 651 gold pieces.
You spent 578 gold pieces at shops.

Inventory:

Hand Weapons
 a - a +0 falchion
 k - a +0 scimitar (weapon)
 J - a +0 long sword
Missiles
 w - a throwing net
 A - 197 stones (quivered)
Armour
 b - a +0 leather armour
 l - a +0 ring mail
 m - a +2 plate armour of poison resistance
 n - a cursed +0 cloak (worn)
 u - a +0 cloak
 v - a +0 scale mail (worn)
 I - a +0 pair of gloves (worn)
 K - a +0 buckler
 M - the +1 kite shield of the Great Game (worn) {Int+3 Dex+3 Slay+3}
   (You bought it in a shop on level 8 of the Dungeon)

   It affects your intelligence (+3).
   It affects your dexterity (+3).
   It affects your accuracy and damage with ranged weapons and melee attacks
   (+3).
Jewellery
 N - an uncursed ring of fire
 P - a ring of magical power (left hand)
Wands
 g - a wand of digging (2)
 x - a wand of flame (15)
 z - a wand of mindburst (11)
 C - a wand of random effects (15)
 D - a wand of iceblast (4)
Scrolls
 c - a scroll of fog
 d - 3 scrolls of magic mapping
 e - a scroll of fear
 i - a scroll of amnesia
 o - 5 scrolls of teleportation {unknown}
 q - 4 scrolls of remove curse {unknown}
 s - 2 scrolls of blinking {unknown}
 y - 4 scrolls of enchant armour {unknown}
 F - a scroll of enchant weapon {unknown}
 H - 2 scrolls of noise {unknown}
 L - a scroll of immolation {unknown}
 O - a scroll of random uselessness {unknown}
Potions
 f - 3 potions of lignification
 h - 2 potions of magic
 j - 3 potions of brilliance
 p - 4 potions of flight
 r - 2 potions of mutation
 t - 6 potions of curing
 B - a potion of attraction
 E - a potion of haste
 G - a potion of degeneration


   Skills:
 + Level 4.1 Fighting
 - Level 14.2 Long Blades
 + Level 2.3 Armour
 - Level 3.0 Dodging
 - Level 4.5 Stealth
 + Level 2.3 Shields
 + Level 3.5 Invocations
 + Level 2.6 Evocations


You had 10 spell levels left.
You didn't know any spells.
Your spell library contained the following spells:

 Spells                   Type           Power        Failure   Level
 Sting                    Tmut/Pois      0%           99%         1
 Poisonous Vapours        Pois/Air       0%           100%        2
 Ignite Poison            Fire/Tmut/Pois 0%           100%        3
 Mephitic Cloud           Conj/Pois/Air  0%           100%        3
 Olgreb's Toxic Radiance  Pois           0%           100%        4


Dungeon Overview and Level Annotations

Branches:
Dungeon (11/15)            Temple (1/1) D:4            Lair (0/6) D:8
    Orc (0/2) D:9

Altars:
Ashenzari
Cheibriados
Dithmenos
Elyvilon
Fedhas
Gozag
Hepliaklqana
Kikubaaqudgha
Makhleb
Nemelex Xobeh
Okawaru
Qazlal
Ru
Sif Muna
Trog
Uskayaw
Vehumet
Wu Jian
Xom
Yredelemnul
Zin
The Shining One

Shops:
D:4 }   D:8 [   D:10 (


Innate Abilities, Weirdness & Mutations

You have a pair of antennae on your head.
You are partially covered in iridescent scales. (AC +2)
Your demonic aura sometimes causes spilled blood to erupt in flames You sometimes gain power by taking damage.
Your life essence is reduced to manifest your ancestor. (-10% HP)


Message History

The centaur hits you but does no damage.
You take 4 damage, and have 36/69 hp.
You hit the centaur.
You kill the centaur!
The orc warrior hits you from afar with a +0 halberd!
You focus on the pain.
You feel agile all of a sudden. The cyclops misses you.
You riposte.
You hit the cyclops.
The cyclops is severely wounded.
You take 12 damage, and have 24/69 hp.
You slash the cyclops!
The cyclops is severely wounded.
The orc warrior hits you from afar with a +0 halberd!!
* * * LOW HITPOINT WARNING * * *
The cyclops is engulfed in blazing flames.
You kill the cyclops!
You take 21 damage, and have 3/69 hp.
MASSIVE DAMAGE!!
You feel better.
Publia barely misses the orc.
The orc warrior hits you from afar with a +0 halberd!
You die...

## ...°........ .#
## ....°......#
.##.# ....°.....
....' ....○....###
....# .#.[B.....
.### ....o...#
.####### #.##)R°.#{
........####.##.@.(#
#######...##.##)...#
.# ##.....o....#
<### #.......#####
...#####.#..)..#
....##...#.#)...#
.......###.#......#
[......# #.#...##.#
...........#...# ...


You could see the friendly Publia the hexer, a boulder beetle, an orc warrior
and an orc (confused, slow).

Vanquished Creatures
  A hydra (D:11)
  An unseen horror (D:9)
  A cyclops (D:10)
  A gargoyle (D:11)
  A centaur skeleton (D:8)
  A troll (D:6)
  Prince Ribbit (D:5)
  A hornet (D:9)
  10 yaks
  Eustachio (D:4)
  3 sky beasts
  An ice beast (D:10)
  5 orc warriors
  A necrophage (D:7)
  2 phantoms
  An ogre (D:7)
  2 centaurs
  A big kobold (D:8)
  7 bullfrogs
  2 scorpions
  2 water moccasin skeletons (D:9)
  3 howler monkeys
  A centaur zombie (D:5)
  2 quasits
  3 jellies
  10 orc priests
  4 hounds
  9 orc wizards
  A bullfrog skeleton (D:6)
  An iguana (D:9)
  Terence (D:2)
  8 worker ants
  A hound zombie (D:8)
  3 hound skeletons
  2 worker ant zombies
  A gnoll (D:6)
  3 hexers
  8 adders
  5 oozes
  A worm zombie (D:8)
  5 worms
  9 leopard geckos
  53 orcs
  6 bats
  2 giant cockroaches
  A gnoll zombie (D:8)
  6 hobgoblins
  17 jackals
  7 quokkas
  6 frilled lizards
  8 goblins
  A jackal skeleton (D:9)
  10 kobolds
  A leopard gecko zombie (D:7)
  A quokka skeleton (D:9)
  A quokka zombie (D:7)
  8 rats
255 creatures vanquished.

Vanquished Creatures (collateral kills)
  A kobold demonologist (D:7)
  A yak (D:10)
  2 orc warriors (D:9)
  A sky beast (D:10)
  A phantom (D:9)
  A necrophage (D:8)
  An ogre (D:7)
  A big kobold (D:8)
  A jelly (D:8)
  2 orc priests
  A hound (D:4)
  5 orc wizards
  3 worker ants
  3 worker ant zombies
  2 gnolls (D:6)
  A river rat (D:4)
  2 adders (D:6)
  A white imp (D:5)
  An ufetubus (D:7)
  An ooze (D:8)
  A worm (D:4)
  A dart slug (D:2)
  A leopard gecko (D:7)
  12 orcs
  A giant cockroach (D:4)
  3 goblins
  A hobgoblin (D:1)
  5 jackals
  A kobold (D:2)
  A quokka (D:6)
  2 bats
  A frilled lizard (D:1)
  2 jackal zombies (D:8)
64 creatures vanquished.

Vanquished Creatures (others)
  4 hexers
  An orc (D:4)
5 creatures vanquished.

Grand Total: 324 creatures vanquished

Notes
Turn   | Place    | Note
-------+----------+-------------------------------------------
     0 | D:5      | jasper the Demonspawn Delver began the quest for the Orb.
     0 | D:5      | Reached XP level 1. HP: 18/18 MP: 1/1
    22 | D:5      | Noticed a worker ant
    96 | D:5      | Noticed an orc priest
   151 | D:5      | Noticed a jelly
   166 | D:4      | Reached skill level 2 in Long Blades
   365 | D:4      | Noticed an orc wizard
   409 | D:4      | Killed an orc wizard
   410 | D:4      | Reached skill level 3 in Long Blades
   410 | D:4      | Gained mutation: You are partially covered in iridescent
                  | scales. (AC +2) [demonic ancestry]
   410 | D:4      | Reached XP level 2. HP: 13/24 MP: 2/2
   410 | D:4      | Gained mutation: You have a pair of small antennae on your
                  | head. [demonic ancestry]
   410 | D:4      | Reached XP level 3. HP: 15/29 MP: 3/3
   634 | D:4      | Found a staircase to the Ecumenical Temple.
   670 | Temple   | Entered the Ecumenical Temple
   811 | Temple   | Became a worshipper of Hepliaklqana the Forgotten
   943 | D:3      | Reached skill level 4 in Long Blades
   943 | D:3      | Reached XP level 4. HP: 31/31 MP: 4/4
  1175 | D:3      | Gained mutation: Your demonic aura sometimes causes spilled
                  | blood to erupt in flames [demonic ancestry]
  1175 | D:3      | Reached XP level 5. HP: 21/36 MP: 5/5
  1356 | D:2      | Reached skill level 5 in Long Blades
  1429 | D:2      | Noticed Terence
  1435 | D:2      | Killed Terence
  1548 | D:2      | You fall into a shaft and drop 1 floor!
  1676 | D:2      | Reached * piety under Hepliaklqana
  3253 | D:3      | Reached ** piety under Hepliaklqana
  3693 | D:3      | Reached XP level 6. HP: 36/42 MP: 6/6
  3698 | D:3      | Remembered your ancestor Publia as a hexer
  3908 | D:3      | Reached skill level 6 in Long Blades
  4376 | D:4      | Found Ris Osill's Gadget Emporium.
  4381 | D:4      | Bought a wand of iceblast (8) for 120 gold pieces
  4661 | D:4      | Noticed Eustachio
  4676 | D:4      | Killed Eustachio
  4677 | D:4      | Reached skill level 7 in Long Blades
  4677 | D:4      | Gained mutation: You have a pair of antennae on your head.
                  | [demonic ancestry]
  4677 | D:4      | Reached XP level 7. HP: 26/46 MP: 7/7
  5501 | D:5      | Found a blossoming altar of Fedhas.
  5501 | D:5      | Found a shimmering blue altar of Sif Muna.
  5506 | D:5      | Found a broken altar of Ashenzari.
  5508 | D:5      | Found a bloodstained altar of Trog.
  5510 | D:5      | Found a stormy altar of Qazlal.
  5768 | D:5      | Reached skill level 8 in Long Blades
  6203 | D:5      | Reached *** piety under Hepliaklqana
  6358 | D:5      | Noticed Prince Ribbit
  6369 | D:5      | Killed Prince Ribbit
  6370 | D:5      | Gained mutation: You sometimes gain a little power by
                  | taking damage. [demonic ancestry]
  6370 | D:5      | Reached XP level 8. HP: 44/52 MP: 8/8
  6495 | D:5      | Reached skill level 9 in Long Blades
  7311 | D:6      | Noticed a troll
  7346 | D:6      | Reached skill level 10 in Long Blades
  7346 | D:6      | HP: 1/52 [troll (6)]
  7348 | D:6      | Killed a troll
  8377 | D:7      | Gained mutation: You sometimes gain power by taking damage.
                  | [demonic ancestry]
  8377 | D:7      | Reached XP level 9. HP: 43/56 MP: 9/9
  8470 | D:7      | Reached **** piety under Hepliaklqana
  8482 | D:7      | Reached skill level 11 in Long Blades
  9055 | D:7      | Found an opulent altar of Gozag.
  9324 | D:8      | Reached skill level 12 in Long Blades
  9633 | D:8      | Found a sand-covered staircase.
  9642 | D:8      | Noticed a kobold demonologist
  9647 | D:8      | Noticed a soul eater
  9728 | D:8      | Noticed a red devil
  9821 | D:7      | Killed a kobold demonologist
 10335 | D:8      | Reached XP level 10. HP: 63/63 MP: 10/10
 10404 | D:8      | Found an iron altar of Okawaru.
 10461 | D:8      | Reached skill level 13 in Long Blades
 10524 | D:8      | Found a staircase to the Lair.
 10668 | D:8      | Found Ecial's Armour Boutique.
 11135 | D:9      | Paralysed by a hornet for 2 turns
 11419 | D:9      | Found a staircase to the Orcish Mines.
 11480 | D:9      | You fall into a shaft and drop 2 floors!
 11491 | D:11     | Noticed a four-headed hydra
 11509 | D:11     | Killed a four-headed hydra
 11523 | D:11     | Noticed a gargoyle
 11529 | D:11     | Killed a gargoyle
 11797 | D:11     | Noticed a red ugly thing
 11808 | D:10     | Entered Level 10 of the Dungeon
 11817 | D:10     | Reached skill level 14 in Long Blades
 11875 | D:10     | Reached skill level 1 in Invocations
 11876 | D:10     | Reached skill level 1 in Evocations
 11880 | D:10     | Noticed a boulder beetle
 11969 | D:10     | Reached skill level 1 in Armour
 12215 | D:9      | Reached skill level 1 in Shields
 12626 | D:9      | Reached XP level 11. HP: 60/68 MP: 12/12
 13499 | D:9      | Killed an unseen horror
 13748 | D:10     | Found Kuschomaim's Weapon Boutique.
 13808 | D:8      | Bought the +1 kite shield of the Great Game {Int+3 Dex+3
                  | Slay+3} for 458 gold pieces
 13883 | D:10     | HP: 3/69 [orc warrior/+0 halberd (21)]
 13884 | D:10     | Slain by an orc warrior

Illustrated notes

Levels and vault maps discovered:
D:1:      beargit_arrival_greenhouse, layout_loops_corners
D:2:      layout_basic, serial_glass, glass_columns_a, glass_columns_a,
          uniq_terence
D:3:      minmay_spotlight, layout_rooms, minmay_goblin_kobold_house
D:4:      layout_basic, minmay_temple_entry_statues_pillars, serial_shops,
          kennysheep_little_box, gup_sewer_entry_bubbles, uniq_eustachio
D:5:      layout_loops_corners, chequers_temple_overflow_minitemple,
          uniq_prince_ribbit1
D:6:      layout_gridville
D:7:      layout_basic, serial_glass, glass_columns_b, glass_columns_a,
          st_stairs_1, grunt_gozag_statues
D:8:      layout_cave_pools, okawaru_metal_pillars_1_2, lair_entry_dummy,
          enter_ossuary_3, serial_shops, kennysheep_mini_moat,
          hangedman_little_slice_of_home
D:9:      layout_basic, david_orc_3, special_room [special_room_orc]
D:10:     layout_rooms, serial_shops, shop, shop, nicolae_shop_behind_doors,
          nicolae_shop_window_shopping, billiards_dpeg, uniq_josephine
D:11:     layout_basic, basic_altar, grunt_livestock
Temple:   eino_temple_rhombus

Skill      XL: |  1  2  3  4  5  6  7  8  9 10 11 |
---------------+----------------------------------+-----
Long Blades    | 3 4 5 7 8 10 12 14 | 14.2
Dodging        | 2 3 |  3.0
Invocations    | 2 3 |  3.5
Evocations     | 1 2 |  2.6
Armour         | 1 2 |  2.3
Shields        | 1 2 |  2.3
Fighting       | 4 |  4.1
Stealth        | |  4.5

Action                   |  1- 3 |  4- 6 |  7- 9 | 10-12 || total
-------------------------+-------+-------+-------+-------++-------
Melee: Falchion          |    44 |   241 |   203 |       ||   488
       Long sword        |       |       |   213 |    93 ||   306
       Scimitar          |       |       |       |   239 ||   239
Throw: Stone             |       |     1 |     2 |       ||     3
Invok: Ancestor Life: He |       |     1 |       |       ||     1
       Recall Ancestor   |       |       |     1 |     1 ||     2
Evoke: Wand              |     1 |       |     7 |    12 ||    20
  Use: Potion            |     3 |       |     1 |     8 ||    12
       Scroll            |       |       |     8 |     2 ||    10
 Stab: Invisible         |     4 |       |       |     2 ||     6
       Sleeping          |     1 |     4 |     2 |       ||     7
       Confused          |       |     3 |     9 |     4 ||    16
       Distracted        |       |     1 |     7 |     3 ||    11
Armor: Ring mail         |    22 |    54 |       |       ||    76
       Scale mail        |       |    64 |   199 |   122 ||   385
Dodge: Dodged            |    40 |   175 |   164 |   112 ||   491
Block: Buckler           |       |       |    24 |    39 ||    63
       Kite shield       |       |       |       |    10 ||    10
       Rpst.: Falchion   |    16 |    49 |    24 |       ||    89
       Long sword        |       |       |    41 |    11 ||    52
       Scimitar          |       |       |       |    23 ||    23

Table legend: (Time is in decaauts)
 A = Elapsed time spent in this place.
 B = Non-inter-level travel time spent in this place.
 C = Inter-level travel time spent in this place.
 D = Time resting spent in this place.
 E = Time spent auto-exploring this place.
 F = Levels seen in this place.
 G = Mean time per level.
                   A        B        C        D        E       F      G
               +--------+--------+--------+--------+--------+-----+--------+
         Total |  13840 |  13345 |    495 |   1742 |   9260 |  12 | 1153.3 |
       Dungeon |  13687 |  13211 |    476 |   1742 |   9129 |  11 | 1244.3 |
        Temple |    152 |    133 |     19 |      0 |    131 |   1 |  152.0 |
               +--------+--------+--------+--------+--------+-----+--------+

Top non-repeatable levels by time:
     D:9: 1989 daAuts
     D:4: 1734 daAuts
     D:3: 1623 daAuts
     D:7: 1539 daAuts
     D:6: 1530 daAuts
     D:5: 1386 daAuts
     D:8: 1256 daAuts
     D:2: 981 daAuts
     D:1: 854 daAuts
    D:10: 464 daAuts
    D:11: 325 daAuts
  Temple: 152 daAuts
